AoeStats
← lexal

Four Lakes

508277253Analyzed
1v1 RM · 10d ago on Sep 21, 2026· 26m 24s· 2 players
Game mode
Random Map
Map size
Tiny (2 player)
Population
200
Speed
Normal
Resources
Standard
Victory
Conquest
Starting age
Dark Age
Ending age
Imperial Age
RankedLock teamsTeams togetherTeam positionsShared explorationLock speedFull tech treeHidden civsTurbo modeCheats
Victory
Defeat
🇨🇱 Portuguese · Chile
981
+16
🇷🇺 Bulgarians · Russia
990
-16
gato_bw
8:42 Loom
10:39 Feudal Age
16:39 Castle Age
lexal
10:15 Feudal Age
11:07 Double-Bit Axe
12:35 Wheelbarrow
13:51 Arson
14:02 Horse Collar
14:48 Forging
14:39 Scale Mail Armor
16:53 Loom
17:23 Gold Mining
24:02 Castle Age
23:05 Fletching
25:44 Squires
Connection lost

Rejoining the realm…

Still unreachable

The connection could not be restored.

Session expired

The server has moved on; the page needs a fresh start.